 Dungeon Crawl Stone Soup version 0.24.1 (webtiles) character file.

Game seed: 14631168343141555200, levelgen mode: deterministic

312 Kaiern the Caller (level 6, 0/51 HPs)
             Began as a Hill Orc Summoner on Mar 28, 2020.
             Slain by an orc priest
             ... wielding a +0 whip
              (3 damage)
             ... on level 4 of the Dungeon.
             The game lasted 00:25:50 (3542 turns).

Kaiern the Caller (Hill Orc Summoner)               Turns: 3542, Time: 00:25:51

Health: 0/51       AC:  6    Str: 13    XL:     6   Next: 42%
Magic:  1/10       EV:  9    Int: 15    God:
Gold:   102        SH:  0    Dex: 11    Spells: 7/10 levels left

rFire    + . .     SeeInvis .   v - +0 hand axe
rCold    x . .     Gourm    .   (no shield)
rNeg     . . .     Faith    .   j - +0 scale mail
rPois    .         Spirit   .   (no helmet)
rElec    .         Reflect  .   (no cloak)
rCorr    .         Harm     .   (no gloves)
MR       .....                  (no boots)
Stlth    ..........             (no amulet)
HPRegen  0.17/turn              o - ring of fire
MPRegen  0.12/turn              (no ring)

@: very slightly contaminated
A: no striking features
a: Convert to Beogh


You were on level 4 of the Dungeon.
You were not hungry.

You visited 1 branch of the dungeon, and saw 4 of its levels.

You collected 102 gold pieces.

Inventory:

Hand Weapons
 k - a +0 short sword of protection
 v - a +0 hand axe (weapon)
 x - a +2 flail of protection
Missiles
 i - 177 stones (quivered)
Armour
 a - a +0 robe
 j - a +0 scale mail (worn)
 q - a cursed +0 chain mail
 u - a +0 shield
Jewellery
 o - a ring of fire (left hand)
Wands
 s - a wand of random effects (9)
Scrolls
 e - 4 scrolls of magic mapping
 f - a scroll of enchant weapon {unknown}
 l - a scroll of teleportation
 m - a scroll of amnesia
 n - a scroll of immolation {unknown}
 t - a scroll of fear {unknown}
 y - a scroll of identify
Potions
 d - a potion of degeneration {unknown}
 g - a potion of cancellation {unknown}
 h - a potion of magic {unknown}
 p - a potion of resistance {unknown}
 r - a potion of agility {unknown}
 w - a potion of flight {unknown}
Comestibles
 c - 9 rations
 z - a chunk of flesh


   Skills:
 + Level 3.1 Fighting
 + Level 1.1 Axes
 + Level 2.9 Armour
 - Level 1.9 Dodging
 - Level 1.5 Stealth
 + Level 2.8 Spellcasting
 + Level 5.1 Summonings


You had 7 spell levels left.
You knew the following spells:

 Your Spells              Type           Power        Failure   Level  Hunger
a - Summon Small Mammal   Summ           ###.         11%         1    #......
b - Call Imp              Summ           ###.....     17%         2    ##.....

Your spell library contained the following spells:

 Spells                   Type           Power        Failure   Level  Hunger
 Call Canine Familiar     Summ           ###.....     32%         3    ###....
 Summon Guardian Golem    Hex/Summ       #.......     67%         3    ###....
 Summon Ice Beast         Ice/Summ       #.......     97%         4    #####..
 Summon Lightning Spire   Summ/Air       #.......     97%         4    #####..


Dungeon Overview and Level Annotations

Branches:
Dungeon (4/15)
 Temple: D:4-7

Altars:
Cheibriados


Message History

The adder poisons you!
You feel sick.
You feel better. The adder bites you but does no damage.
Your crimson imp hits the adder.
The orc priest calls down the wrath of Beogh upon you.
Pain shoots through your body!
* * * LOW HITPOINT WARNING * * *
The adder bites you.
* * * LOW HITPOINT WARNING * * *
You hit the orc priest.
The orc priest is heavily wounded.
You hit the adder.
Your crimson imp barely misses the adder.
The adder bites you but does no damage. The orc priest hits you with a +0 whip.
* * * LOW HITPOINT WARNING * * *
Casting: Call Imp (safe; 17% risk of failure)
Confirm with . or Enter, or press ? or * to list all spells.
Your crimson imp misses the adder.
The adder bites you but does no damage. The orc priest hits you with a +0 whip.
You die...

#####.....<....###########'######
.........######..................
.........#....#..................
.........#.^..#..................
.........#....#......[...........
.........#...$#......5...........
.........+...[#...†.#####........
.........#....#boo5.# #........
....#'####....#.@S..# #........
....#.........#.....# #........
...§#.........#.....# #........
....#....[.....###### #........
....#...##.....# #........
....############ #........
....#....# #........ ....#....#
#........ ....#....# #........


You could see an orc priest, an adder, an orc, 2 friendly crimson imps and a
friendly bat.

Vanquished Creatures
  Natasha (D:2)
  An adder (D:3)
  An ooze (D:4)
  4 leopard geckos
  A ball python (D:1)
  2 bats
  A giant cockroach (D:1)
  3 goblins
  9 hobgoblins
  2 jackals
  2 kobolds
  A quokka (D:2)
  A frilled lizard (D:3)
  A rat (D:3)
30 creatures vanquished.

Vanquished Creatures (collateral kills)
  Edmund (D:4)
  A sky beast (D:3)
  An orc wizard (D:3)
  Ijyb (D:4)
  Natasha (twice) (D:2)
  4 adders
  An ooze (D:3)
  2 worms (D:2)
  A leopard gecko (D:2)
  6 orcs
  A ball python (D:1)
  2 giant cockroaches
  3 goblins
  4 hobgoblins
  9 jackals
  4 bats
  3 kobolds
  2 rats (D:1)
48 creatures vanquished.

Grand Total: 78 creatures vanquished

Notes
Turn   | Place    | Note
-------+----------+-------------------------------------------
     0 | D:1      | Kaiern the Hill Orc Summoner began the quest for the Orb.
     0 | D:1      | Reached XP level 1. HP: 14/14 MP: 3/3
   224 | D:1      | Reached XP level 2. HP: 15/20 MP: 2/4
   367 | D:1      | Learned a level 2 spell: Call Imp
  1016 | D:1      | Reached XP level 3. HP: 27/27 MP: 2/5
  1279 | D:2      | Noticed Natasha
  1295 | D:2      | Killed Natasha
  1295 | D:2      | Reached skill level 1 in Fighting
  1295 | D:2      | Reached skill level 1 in Armour
  1302 | D:2      | Reached XP level 4. HP: 21/35 MP: 5/7
  1429 | D:2      | Found a faded altar of an unknown god.
  1444 | D:2      | Noticed Natasha
  1454 | D:2      | Killed Natasha
  1575 | D:2      | Noticed Natasha
  1591 | D:2      | Killed Natasha
  2184 | D:3      | Noticed a sky beast
  2193 | D:3      | Reached XP level 5. HP: 41/41 MP: 1/8
  2231 | D:3      | Killed a sky beast
  2438 | D:3      | Found a snail-covered altar of Cheibriados.
  2745 | D:3      | Reached skill level 5 in Summonings
  2756 | D:3      | Reached XP level 6. HP: 50/50 MP: 6/9
  3003 | D:4      | Noticed Ijyb
  3045 | D:4      | Killed Ijyb
  3124 | D:4      | Noticed Edmund
  3189 | D:4      | Killed Edmund
  3189 | D:4      | Reached skill level 1 in Axes
  3542 | D:4      | Slain by an orc priest

Levels and vault maps discovered:
D:1:      wander_arrival_fairy_ring, layout_basic, minmay_quantized
D:2:      layout_basic, chequers_ecumenical_altar_simple_redux, first_ration,
          uniq_natasha
D:3:      layout_rooms, cheibriados_altar_1
D:4:      layout_gridville, minmay_bent, uniq_eustachio, uniq_edmund, uniq_ijyb

Skill      XL: |  1  2  3  4  5  6 |
---------------+-------------------+-----
Spellcasting   | 2 |  2.8
Fighting       | 1 2 3 |  3.1
Armour         | 1 2 |  2.9
Summonings     | 5 |  5.1
Axes           | 1 |  1.1
Dodging        | |  1.9
Stealth        | |  1.5

Action                   |  1- 3 |  4- 6 || total
-------------------------+-------+-------++-------
Melee: Whip              |    16 |       ||    16
       Short sword       |    72 |   108 ||   180
       Hand axe          |       |    63 ||    63
 Cast: Summon Small Mamm |    29 |    15 ||    44
       Call Imp          |       |    35 ||    35
  Use: Scroll            |       |     5 ||     5
       Potion            |       |     3 ||     3
  Eat: Chunk             |     2 |     7 ||     9
       Ration            |       |     1 ||     1
Armor: Robe              |     4 |       ||     4
       Scale mail        |    71 |   110 ||   181
Dodge: Dodged            |    55 |   104 ||   159
